 Dungeon Crawl Stone Soup version 0.24.0-37-gcf1ca852f1 (webtiles) character file.

Game seed: 6474429009460297862, levelgen mode: deterministic

13608 Goreval the Geomancer (level 12, -4/115 HPs)
             Began as a Gargoyle Earth Elementalist on Dec 5, 2019.
             Was a Priest of Vehumet.
             Slain by a spiny frog (10 damage)
             ... on level 2 of the Lair of Beasts.
             The game lasted 00:36:24 (13852 turns).

Goreval the Geomancer (GrEE)                       Turns: 13852, Time: 00:36:24

Health: -4/115     AC: 17    Str: 18    XL:     12   Next: 7%
Magic:  1/24       EV: 12    Int: 26    God:    Vehumet [***...]
Gold:   323        SH:  0    Dex: 11    Spells: 12/27 levels left

rFire    + . .     SeeInvis .   J - +0 dagger (venom)
rCold    . . .     Gourm    .   (no shield)
rNeg     + . .     Faith    .   N - +3 leather armour
rPois    ∞         Spirit   .   M - +0 helmet
rElec    +         Reflect  .   C - +0 cloak
rCorr    .         Harm     .   q - +0 pair of gloves
MR       .....                  (no boots)
Stlth    ..........             (no amulet)
HPRegen  0.29/turn              t - ring "Simask" {rF+ Int+4}
MPRegen  0.19/turn              S - +3 ring of intelligence

@: berserking, very quick
A: negative energy resistance 1, electricity resistance, unbreathing,
petrification resistance, rot immunity, AC +8
a: Renounce Religion


You were on level 2 of the Lair of Beasts.
You worshipped Vehumet.
Vehumet was most pleased with you.
You were not hungry.

You visited 3 branches of the dungeon, and saw 14 of its levels.

You collected 525 gold pieces.
You spent 202 gold pieces at shops.

Inventory:

Hand Weapons
 f - a +1 dagger of holy wrath
 z - a +0 whip of venom
 J - a +0 dagger of venom (weapon)
Missiles
 b - 64 stones (quivered)
 I - 4 throwing nets
Armour
 j - a +1 robe of cold resistance
 q - a +0 pair of gloves (worn)
 y - the +1 shield of the New World {-Tele rCorr Str+4}
   (You took it off an orc wizard on level 6 of the Dungeon)

   It affects your strength (+4).
   It prevents most forms of teleportation.
   It provides partial protection from all sources of acid and corrosion.
 C - a +0 cloak (worn)
 E - a +0 pair of boots
 M - a +0 helmet (worn)
 N - a +3 leather armour (worn)
Jewellery
 g - an uncursed ring of ice
 t - the ring "Simask" (left hand) {rF+ Int+4}
   (You found it on level 5 of the Dungeon)

   [ring of protection from fire]

   It affects your intelligence (+4).
   It protects you from fire.
 O - an uncursed ring of resist corrosion
 P - an uncursed ring of protection from cold
 S - a +3 ring of intelligence (right hand)
Wands
 w - a wand of disintegration (9)
 D - a wand of iceblast (18)
 H - a wand of polymorph (10)
 K - a wand of enslavement (9)
Scrolls
 c - 2 scrolls of blinking
 e - 3 scrolls of immolation
 h - 6 scrolls of teleportation
 i - 2 scrolls of identify
 k - 4 scrolls of remove curse
 m - a scroll of fog
 n - 4 scrolls of magic mapping
 v - a scroll of vulnerability
 x - 3 scrolls of enchant armour
 F - a scroll of enchant weapon {unknown}
 L - a scroll of holy word {unknown}
 R - a scroll of torment {unknown}
Potions
 a - 4 potions of heal wounds
 l - 3 potions of curing
 o - 2 potions of ambrosia
 p - a potion of magic
 r - 2 potions of brilliance
 s - a potion of haste
 u - 2 potions of lignification
 A - 4 potions of might {unknown}
 B - a potion of berserk rage
 G - a potion of invisibility
Comestibles
 d - 15 rations


   Skills:
 + Level 9.6 Fighting
 - Level 3.2 Dodging
 - Level 2.1 Stealth
 + Level 8.4 Spellcasting
 * Level 9.0 Conjurations
 - Level 0.7 Transmutations
 - Level 13.6 Earth Magic


You had 12 spell levels left.
You knew the following spells:

 Your Spells              Type           Power        Failure   Level  Hunger
a - Sandblast             Erth           ######       0%          1    None
b - Stone Arrow           Conj/Erth      ######       1%          3    None
c - Throw Flame           Conj/Fire      ####..       1%          2    None
d - Lee's Rapid Deconstr  Erth           ######....   1%          5    ####...
k - Passwall              Tmut/Erth      #####...     1%          2    None
n - Blink                 Tloc           N/A          10%         2    None

Your spell library contained the following spells:

 Spells                   Type           Power        Failure   Level  Hunger
 Dazzling Spray           Conj/Hex       ####..       1%          3    None
 Magic Dart               Conj           ####         1%          1    None
 Conjure Flame            Conj/Fire      ####....     1%          3    None
 Mephitic Cloud           Conj/Pois/Air  ####....     1%          3    None
 Petrify                  Tmut/Erth      #####...     3%          4    ##.....
 Call Imp                 Summ           ##......     10%         2    None
 Slow                     Hex            ##......     10%         2    None


Dungeon Overview and Level Annotations

Branches:
Dungeon (11/15)            Temple (1/1) D:6            Lair (2/6) D:9
  Swamp: Lair:2-4    Shoals: Lair:2-4     Snake: Lair:2-4    Spider: Lair:2-4
    Orc: D:9-12

Altars:
Ashenzari
Cheibriados
Dithmenos
Elyvilon
Fedhas
Gozag
Hepliaklqana
Kikubaaqudgha
Makhleb
Nemelex Xobeh
Okawaru
Qazlal
Ru
Sif Muna
Trog
Uskayaw
Vehumet
Wu Jian
Xom
Yredelemnul
Zin
The Shining One

Shops:
D:4 ((   D:6 ?

Annotations:
D:9 2 transporters, ciphuk's ghost, novice OpBe
Lair:1 Gastronok


Innate Abilities, Weirdness & Mutations

You are resistant to torment.
Your stone body is resilient. (AC +8)
You are immune to poison.
You resist negative energy. (rN+)
You are resistant to electric shocks. (rElec)
You can survive without breathing.
You are immune to petrification.
You are immune to rotting.


Message History

The spiny frog stings you but does no damage.
You closely miss the spiny frog. The spiny frog stings you!
* * * LOW HITPOINT WARNING * * *
Aim: a spiny frog (heavily wounded)
The blast of sand hits the spiny frog but does no damage.
b - 64 stones The spiny frog stings you but does no damage.
A red film seems to cover your vision as you go berserk!
You feel yourself moving faster!
You feel mighty! The spiny frog stings you!
* * * LOW HITPOINT WARNING * * *
The spiny frog barely misses you.
You barely miss the spiny frog.
You hit the spiny frog but do no damage.
The spiny frog stings you but does no damage.
You barely miss the spiny frog. The spiny frog closely misses you.
You closely miss the spiny frog. The spiny frog barely misses you.
You hit the spiny frog. You closely miss the spiny frog.
The spiny frog closely misses you.
You barely miss the spiny frog. The spiny frog stings you!
You die...

....⌠. ...
.##...### .P...
#.......## .P...
.........##
#.#...
.....F.†..##.....
.......#F..#..#
#...⌠.###...#.+
#.#... ###F..#
.#.... #@#...#
#..> #.F⌠.<# #...
###...# #....#
#...#......
#....##......
......## .....#
.....# ##....
....# #...


You could see a spiny frog.

Vanquished Creatures
  2 hydras (Lair:1)
  Harold (D:8)
  2 two-headed ogres
  An ugly thing (D:10)
  2 black mambas
  Joseph (D:8)
  A spiny frog (Lair:2)
  2 komodo dragons (Lair:1)
  A troll (D:9)
  A queen bee (D:10)
  10 yaks (D:9)
  Eustachio (D:6)
  A steam dragon (D:9)
  A hungry ghost (D:9)
  7 water moccasins
  A porcupine (Lair:1)
  A black bear (D:8)
  3 orc warriors
  An eye of draining (D:9)
  A sky beast (D:6)
  An ice beast (D:5)
  3 phantoms
  3 necrophages
  2 ogres
  3 wolves
  A centaur (D:8)
  A crocodile (Lair:1)
  A gnoll sergeant (D:8)
  6 bullfrogs
  3 scorpions
  A wyvern skeleton (D:6)
  19 killer bees
  3 wights (D:9)
  5 howler monkeys
  3 crimson imps
  A centaur zombie (D:5)
  7 orc priests
  A bullfrog zombie (D:7)
  2 jellies
  4 hounds
  10 orc wizards
  2 centaur skeletons
  3 iguanas
  5 worker ants
  A hound zombie (D:6)
  3 hound skeletons
  A worker ant zombie (D:8)
  11 gnolls
  A howler monkey skeleton (D:8)
  4 adders
  7 shadow imps
  An adder skeleton (D:4)
  An adder zombie (D:9)
  2 worms (D:2)
  A dart slug (D:4)
  2 leopard geckos
  42 orcs
  4 giant cockroaches
  7 goblins
  4 hobgoblins
  8 jackals
  9 quokkas
  5 bats
  7 frilled lizards
  7 kobolds
  A leopard gecko skeleton (D:7)
  14 rats
274 creatures vanquished.

Notes
Turn   | Place    | Note
-------+----------+-------------------------------------------
     0 | D:1      | Goreval the Gargoyle Earth Elementalist began the quest for
                  | the Orb.
     0 | D:1      | Reached XP level 1. HP: 10/10 MP: 3/3
   302 | D:1      | Reached XP level 2. HP: 12/16 MP: 5/5
   309 | D:1      | Reached skill level 4 in Earth Magic
   516 | D:1      | Learned a level 2 spell: Passwall
   995 | D:1      | Reached skill level 1 in Fighting
  1169 | D:1      | Reached XP level 3. HP: 14/20 MP: 0/6
  1227 | D:1      | Learned a level 3 spell: Stone Arrow
  1901 | D:2      | Found a bloodstained altar of Trog.
  2090 | D:2      | Reached XP level 4. HP: 4/26 MP: 1/7
  2256 | D:2      | Reached skill level 5 in Earth Magic
  2685 | D:2      | Reached XP level 5. HP: 9/30 MP: 0/9
  4029 | D:5      | Entered Level 5 of the Dungeon
  4029 | D:5      | Noticed an ice beast
  4029 | D:5      | Noticed a necrophage
  4033 | D:5      | Killed a necrophage
  4033 | D:5      | Reached skill level 1 in Conjurations
  4033 | D:5      | Reached skill level 6 in Earth Magic
  4033 | D:5      | Reached XP level 6. HP: 36/36 MP: 6/10
  4036 | D:5      | Killed an ice beast
  4374 | D:4      | Reached XP level 7. HP: 33/41 MP: 1/12
  4495 | D:4      | Reached skill level 7 in Earth Magic
  4665 | D:4      | Learned a level 5 spell: Lee's Rapid Deconstruction
  4800 | D:4      | Found Xomuh's Antique Weapon Boutique.
  4905 | D:4      | Found Fec Jett's Weapon Shoppe.
  5072 | D:4      | Found an ornate altar of the Wu Jian Council.
  5409 | D:5      | Reached skill level 8 in Earth Magic
  5417 | D:5      | Got a faintly glowing ivory ring
  5422 | D:5      | Identified the ring "Simask" {rF+ Int+4} (You found it on
                  | level 5 of the Dungeon)
  5521 | D:5      | Reached XP level 8. HP: 48/48 MP: 10/14
  6032 | D:7      | Found a basalt altar of Yredelemnul.
  6212 | D:7      | Found a shadowy altar of Dithmenos.
  6247 | D:6      | Reached skill level 5 in Fighting
  6247 | D:6      | Reached skill level 9 in Earth Magic
  6533 | D:6      | Found a white marble altar of Elyvilon.
  6545 | D:6      | Reached skill level 5 in Spellcasting
  6657 | D:6      | Found a hazy altar of Hepliaklqana.
  6764 | D:6      | Noticed Eustachio
  6872 | D:6      | Killed Eustachio
  6872 | D:6      | Reached skill level 10 in Earth Magic
  6872 | D:6      | Reached XP level 9. HP: 55/55 MP: 9/16
  6933 | D:6      | Found a staircase to the Ecumenical Temple.
  6939 | Temple   | Entered the Ecumenical Temple
  6949 | Temple   | Became a worshipper of Vehumet
  7171 | D:6      | Found Ehanymiq's Magic Scroll Shoppe.
  7177 | D:6      | Bought a scroll of enchant armour for 112 gold pieces
  7177 | D:6      | Bought a scroll of teleportation for 45 gold pieces
  7177 | D:6      | Bought a scroll of teleportation for 45 gold pieces
  7185 | D:6      | Identified the +1 shield of the New World {-Tele rCorr
                  | Str+4}
  8285 | D:7      | Reached * piety under Vehumet
  8285 | D:7      | Offered knowledge of Freeze by Vehumet.
  8422 | D:8      | Noticed Joseph
  9249 | D:8      | Killed Joseph
  9249 | D:8      | Reached skill level 11 in Earth Magic
  9346 | D:8      | Noticed Harold
  9356 | D:8      | Killed Harold
  9356 | D:8      | Reached XP level 10. HP: 52/63 MP: 1/19
 10349 | D:9      | Offered knowledge of Throw Flame by Vehumet.
 10351 | D:9      | Reached ** piety under Vehumet
 10354 | D:9      | Reached skill level 12 in Earth Magic
 10515 | D:9      | Found a staircase to the Lair.
 10520 | D:9      | Reached skill level 5 in Conjurations
 10919 | D:9      | Found a transporter.
 10931 | D:9      | Noticed a moth of wrath
 10932 | D:9      | Noticed a two-headed ogre
 10934 | D:9      | Noticed ciphuk's ghost (novice OpBe)
 10936 | D:9      | Found a bloodstained altar of Trog.
 10936 | D:9      | Identified the +7 dire flail of Liyl {antimagic, +Fly rPois
                  | Stlth+}
 10936 | D:9      | Noticed a tengu warrior
 10964 | D:9      | Reached XP level 11. HP: 64/68 MP: 17/21
 10983 | D:9      | Found a glowing golden altar of the Shining One.
 10986 | D:9      | Found a shimmering altar of Xom.
 10989 | D:9      | Found a stormy altar of Qazlal.
 11028 | D:9      | Learned a level 2 spell: Throw Flame
 11186 | D:9      | Found a transporter.
 11330 | D:10     | Entered Level 10 of the Dungeon
 11330 | D:10     | Noticed a two-headed ogre
 11349 | D:10     | Noticed a two-headed ogre
 11355 | D:9      | Reached skill level 13 in Earth Magic
 11506 | D:9      | Killed a two-headed ogre
 11549 | D:10     | Killed a two-headed ogre
 11549 | D:10     | Offered knowledge of Ignite Poison by Vehumet.
 11594 | D:10     | Learned a level 2 spell: Blink
 11834 | D:10     | Reached *** piety under Vehumet
 12203 | D:10     | Noticed a green ugly thing
 12209 | D:10     | Killed a green ugly thing
 12335 | Lair:1   | Entered Level 1 of the Lair of Beasts
 12335 | Lair:1   | Noticed an eight-headed hydra
 12444 | Lair:1   | Killed an eight-headed hydra
 13315 | Lair:1   | Noticed an eight-headed hydra
 13322 | Lair:1   | Killed an eight-headed hydra
 13322 | Lair:1   | Reached XP level 12. HP: 76/76 MP: 11/24
 13558 | Lair:1   | Noticed Gastronok
 13831 | Lair:2   | Offered knowledge of Dazzling Spray by Vehumet.
 13845 | Lair:2   | HP: 4/115 [spiny frog (10)]
 13852 | Lair:2   | Slain by a spiny frog

Levels and vault maps discovered:
D:1:      kennysheep_arrival_forest, layout_basic, hex_medium
D:2:      layout_loops_cross, fountainhead, serial_park_tiny_2,
          trog_three_pillars_becter
D:3:      layout_basic, grunt_ministairs_10, hangedman_decor_clover_reticule
D:4:      layout_loops_ring, lemuel_round_altar, serial_shops,
          nicolae_shop_overgrown_old_shop, kennysheep_mini,
          minmay_strange_pillars, minmay_ruptured
D:5:      layout_loops_ring, first_ration
D:6:      wander_river, layout_basic, elyvilon_altar_5,
          lemuel_coloured_pillars_altar, minmay_temple_entry_metal_lava,
          serial_shops, nicolae_shop_crystal, minmay_starry_boxes,
          uniq_eustachio
D:7:      layout_basic, yredelemnul_altar_generic,
          grunt_dithmenos_smoke_and_mirrors
D:8:      layout_cave_pods, uniq_harold, uniq_joseph
D:9:      layout_roguey, grunt_temple_overflow_diamond, lair_entry_dummy,
          gammafunk_ghost_wrathful_warriors
D:10:     layout_rooms, david_nohive_1, minmay_crystal_room
D:11:     fort_yaktaur, layout_irregular_city, serial_shops, shop
Temple:   eino_temple_lava
Lair:1:   layout_chaotic_city, minmay_lair_oklob_items, serial_bayou_shore_b,
          uniq_gastronok
Lair:2:   cheibrodos_lair_overgrown_chateau, layout_chaotic_city,
          grunt_megastairs_5, serial_bayou_shore_a

Skill      XL: |  1  2  3  4  5  6  7  8  9 10 11 12 |
---------------+-------------------------------------+-----
Earth Magic    | 4 5 6 8 10 11 12 13 | 13.6
Fighting       | 1 2 3 4 5 7 8 9 |  9.6
Spellcasting   | 3 4 5 6 7 8 |  8.4
Conjurations   | 1 2 4 5 8 9 |  9.0
Dodging        | 3 |  3.2
Stealth        | |  2.1
Transmutations | |  0.7

Action                   |  1- 3 |  4- 6 |  7- 9 | 10-12 || total
-------------------------+-------+-------+-------+-------++-------
Melee: Dagger            |   132 |    40 |    11 |    34 ||   217
       Whip              |       |       |     1 |    15 ||    16
 Cast: Sandblast         |    26 |    73 |   124 |   170 ||   393
       Stone Arrow       |     1 |     1 |    33 |    54 ||    89
       Lee's Rapid Decon |       |       |     5 |     4 ||     9
       Throw Flame       |       |       |       |    16 ||    16
       Blink             |       |       |       |     2 ||     2
  Use: Scroll            |       |     3 |     5 |    13 ||    21
       Potion            |       |       |       |     5 ||     5
 Stab: Sleeping          |       |     1 |       |       ||     1
  Eat: Chunk             |     4 |     8 |    11 |     8 ||    31
       Ration            |       |       |     2 |     2 ||     4
Armor: Robe              |    42 |    15 |    18 |       ||    75
       Chain mail        |       |       |       |    27 ||    27
       Leather armour    |       |       |       |   115 ||   115
Dodge: Dodged            |    76 |    31 |    50 |   164 ||   321
